AoeStats
← mryendl2410

Arena

509245247Analyzed
4v4 RM · 7d ago on Sep 26, 2026· 54m 49s· 8 players
Game mode
Random Map
Map size
Large (8 player)
Population
200
Speed
Normal
Resources
Standard
Victory
Conquest
Starting age
Dark Age
Ending age
Imperial Age
RankedLock teamsTeams togetherTeam positionsShared explorationLock speedFull tech treeHidden civsTurbo modeCheats
Victory
Defeat
🇨🇳 Teutons · China
1429
+15
🇻🇳 Goths · Vietnam
1424
+15
🇻🇳 Italians · Vietnam
1417
+15
🇳🇴 Khmer · Norway
1392
+16
🇨🇷 Goths · Costa Rica
1759
-28
🇨🇴 Bengalis · Colombia
1392
-15
🇦🇷 Danes · Argentina
1279
-11
🇪🇨 Varangians · Ecuador
1179
-7
CR | NamelessGuy
11:10 Feudal Age
12:25 Double-Bit Axe
12:39 Horse Collar
15:02 Castle Age
15:12 Wheelbarrow
16:49 Heavy Plow
23:02 Bow Saw
24:31 Scale Mail Armor
25:31 Squires
24:53 Man-at-Arms
27:39 Gold Mining
27:40 Stone Mining
28:11 Hand Cart
30:34 Imperial Age
27:50 Loom
27:50 Town Watch
27:51 Pikeman
29:16 Forging
29:22 Chain Mail Armor
28:45 Long Swordsman
29:29 Fletching
30:48 Iron Casting
30:39 Two-Handed Swordsman
31:49 Conscription
32:42 Blast Furnace
31:24 Champion
33:29 Caravan
33:59 Coinage
34:06 Halberdier
36:44 Stone Shaft Mining
37:10 Two-Man Saw
36:42 Crop Rotation
36:14 Town Patrol
36:31 Capped Ram
38:43 Banking
41:12 Chemistry
41:05 Guilds
41:54 Perfusion
44:38 Masonry
48:49 Bodkin Arrow
49:12 Elite Huskarl
49:59 Anarchy
| CZK | CONANJD
10:47 Feudal Age
11:47 Loom
12:51 Scale Barding Armor
16:11 Castle Age
15:42 Forging
16:22 Light Cavalry
18:35 Husbandry
20:54 Horse Collar
21:58 Chain Barding Armor
22:11 Bloodlines
22:12 Double-Bit Axe
22:30 Heavy Plow
29:53 Iron Casting
29:18 Scale Mail Armor
29:07 Gambesons
29:22 Squires
28:44 Pikeman
29:10 Arson
30:36 Wheelbarrow
39:10 Imperial Age
37:45 Chain Mail Armor
42:12 Conscription
41:47 Elite Varangian Guard
44:04 Plate Barding Armor
44:17 Ballistics
46:07 Plate Mail Armor
48:06 Blast Furnace
46:57 Fletching
49:35 Crop Rotation
49:21 Bow Saw
49:23 Bodkin Arrow
50:30 Chemistry
49:42 Masonry
49:44 Murder Holes
53:59 Siege Engineers
54:24 Architecture
54:04 Onager
| CZK | DiegoAvalo
10:55 Feudal Age
15:09 Castle Age
14:26 Loom
15:12 Double-Bit Axe
16:13 Gold Mining
24:36 Wheelbarrow
26:31 Hand Cart
28:46 Horse Collar
29:40 Heavy Plow
31:28 Man-at-Arms
31:57 Gambesons
32:12 Squires
32:26 Forging
32:16 Scale Mail Armor
36:12 Imperial Age
34:06 Long Swordsman
34:31 Arson
35:05 Chain Mail Armor
36:19 Two-Handed Swordsman
37:38 Gold Shaft Mining
36:54 Stone Mining
37:43 Iron Casting
37:45 Crop Rotation
37:29 Bow Saw
37:31 Champion
39:57 Scale Barding Armor
40:53 Blast Furnace
41:40 Chain Barding Armor
41:44 Bloodlines
40:57 Light Cavalry
41:38 Husbandry
41:12 Elite Battle Elephant
41:51 Fletching
42:01 Padded Archer Armor
53:43 Town Watch
| CZK | - Yamil62 -
8:04 Loom
10:24 Feudal Age
13:41 Double-Bit Axe
13:59 Man-at-Arms
20:46 Gold Mining
20:49 Stone Mining
26:00 Castle Age
35:55 Redemption
35:56 Fervor
36:32 Wheelbarrow
35:42 Town Watch
41:31 Imperial Age
39:36 Hand Cart
39:23 Town Patrol
40:30 Forging
41:21 Gold Shaft Mining
40:39 Pikeman
41:20 Squires
41:36 Halberdier
44:01 Chemistry
42:34 Onager
43:57 Scale Mail Armor
44:08 Forging
44:54 Chain Mail Armor
45:18 Bow Saw
46:07 Fletching
46:52 Iron Casting
Sasha The Bunny
11:07 Feudal Age
14:26 Castle Age
12:33 Double-Bit Axe
12:31 Horse Collar
16:22 Husbandry
17:13 Wheelbarrow
16:24 Town Watch
18:38 Bow Saw
18:47 Heavy Plow
19:23 Loom
21:43 Light Cavalry
24:28 Bloodlines
24:59 Forging
26:28 Iron Casting
26:27 Scale Barding Armor
29:48 Coinage
33:07 Imperial Age
31:20 Gold Mining
31:20 Stone Mining
31:32 Fletching
31:43 Scale Mail Armor
33:13 Chain Barding Armor
32:49 Bodkin Arrow
34:41 Plate Barding Armor
36:07 Blast Furnace
35:12 Bracer
35:49 Banking
35:52 Conscription
36:06 Ballistics
36:11 Double Crossbow
37:26 Heavy Scorpion
37:51 Hussar
39:47 Hand Cart
39:18 Capped Ram
40:53 Gold Shaft Mining
40:54 Stone Shaft Mining
41:06 Masonry
41:57 Chemistry
41:07 Siege Engineers
42:10 Chemistry
44:16 Elite Battle Elephant
45:01 Tusk Swords
50:00 Caravan
zbtl458613
5:39 Loom
8:33 Feudal Age
22:19 Double-Bit Axe
22:17 Horse Collar
22:41 Fletching
31:06 Castle Age
34:47 Bow Saw
34:29 Gold Mining
34:31 Stone Mining
37:24 Imperial Age
35:31 Wheelbarrow
34:45 Town Watch
36:07 Stone Shaft Mining
35:57 Forging
35:47 Scale Mail Armor
35:50 Heavy Plow
38:32 Hand Cart
39:02 Iron Casting
38:43 Chain Mail Armor
38:35 Devotion
40:24 Two-Man Saw
38:47 Elite Teutonic Knight
40:10 Crop Rotation
40:25 Gambesons
40:45 Squires
40:32 Arson
41:35 Conscription
42:55 Blast Furnace
42:25 Plate Mail Armor
42:21 Fortified Wall
42:23 Masonry
42:53 Capped Ram
47:23 Padded Archer Armor
47:18 Bodkin Arrow
47:47 Ballistics
47:33 Siege Engineers
48:38 Ironclad
50:13 Town Patrol
dustbin
10:09 Feudal Age
14:03 Castle Age
12:06 Double-Bit Axe
15:03 Bow Saw
15:49 Wheelbarrow
24:53 Gold Mining
24:57 Stone Mining
27:42 Imperial Age
25:02 Loom
25:43 Scale Mail Armor
25:54 Forging
25:40 Pikeman
26:20 Squires
27:43 Hand Cart
27:46 Chain Mail Armor
28:08 Anarchy
29:02 Conscription
29:32 Horse Collar
31:17 Iron Casting
31:23 Elite Huskarl
33:50 Heavy Plow
34:52 Two-Man Saw
34:35 Perfusion
36:28 Chemistry
35:49 Ballistics
34:53 Heavy Scorpion
35:50 Treadmill Crane
36:52 Murder Holes
38:55 Blast Furnace
39:26 Masonry
39:06 Fletching
41:19 Stone Shaft Mining
42:09 Caravan
44:07 Capped Ram
45:24 Halberdier
48:54 Bodkin Arrow
54:08 Elite Skirmisher
54:48 Padded Archer Armor
mryendl2410
12:02 Feudal Age
13:51 Double-Bit Axe
14:13 Horse Collar
16:39 Castle Age
16:54 Gold Mining
21:57 Imperial Age
30:06 Wheelbarrow
31:29 Bow Saw
33:26 Stone Mining
36:27 Imperial Age
36:36 Imperial Age
33:53 Loom
33:54 Town Watch
36:09 Heavy Plow
36:08 Fletching
36:57 Ballistics
36:38 Padded Archer Armor
36:26 Crossbowman
37:23 Bodkin Arrow
37:35 Thumb Ring
38:32 Chemistry
39:00 Bracer
39:17 Leather Archer Armor
41:24 Conscription
42:23 Ring Archer Armor
43:39 Two-Man Saw
45:53 Crop Rotation
46:00 Stone Shaft Mining
45:45 Hand Cart
45:31 Town Patrol
49:27 Scale Mail Armor
49:38 Forging
49:51 Squires
49:41 Arson
51:11 Caravan
53:21 Chain Mail Armor
53:43 Iron Casting
Connection lost

Rejoining the realm…

Still unreachable

The connection could not be restored.

Session expired

The server has moved on; the page needs a fresh start.